 Dungeon Crawl Stone Soup version 0.23-a0-681-g26ad783 (webtiles) character file.

235 fooot the Archer (level 5, 0/46 HPs)
             Began as a Centaur Hunter on Jan 11, 2019.
             Slain by a worm (7 damage)
             ... on level 3 of the Dungeon.
             The game lasted 00:04:04 (4103 turns).

fooot the Archer (Centaur Hunter)                   Turns: 4103, Time: 00:04:05

Health: 0/46       AC:  6    Str: 15    XL:     5   Next: 76%
Magic:  14/14      EV:  7    Int: 10    God:
Gold:   94         SH:  0    Dex: 10    Spells: 4/4 levels left

rFire    . . .     SeeInvis .   b - +0 trident
rCold    . . .     Gourm    .   (no shield)
rNeg     + . .     Faith    .   k - +0 scale mail
rPois    .         Spirit   .   (no helmet)
rElec    .         Reflect  .   (no cloak)
rCorr    .         Harm     .   (no gloves)
MR       .....                  (no barding)
Stlth    ..........             (no amulet)
HPRegen  0.15/turn              e - ring of magical power
MPRegen  0.14/turn              j - ring of positive energy

@: lethally poisoned (0 -> 0), very quick
A: large, hooves 3, deformed body, speed 2, tough skin 3
a: no special abilities


You were on level 3 of the Dungeon.
You were not hungry.

You visited 1 branch of the dungeon, and saw 3 of its levels.

You collected 94 gold pieces.

Inventory:

Hand Weapons
 a - a +1 shortbow
 b - a +0 trident (weapon)
Missiles
 d - 116 arrows
Armour
 k - a +0 scale mail (worn)
Jewellery
 e - a ring of magical power (left hand)
 j - a ring of positive energy (right hand)
Scrolls
 g - 7 scrolls of teleportation {unknown}
 h - a scroll of enchant weapon {unknown}
 i - 2 scrolls of immolation {unknown}
 m - 2 scrolls of remove curse {unknown}
 r - a scroll of blinking {unknown}
 s - 3 scrolls of identify {unknown}
 u - a scroll of noise {unknown}
Potions
 c - 2 potions of degeneration {unknown}
 l - a potion of experience {unknown}
 n - a potion of heal wounds {unknown}
 o - a potion of mutation {unknown}
 p - a potion of resistance {unknown}
 t - a potion of flight {unknown}
Comestibles
 f - 7 rations
 q - a chunk of flesh


   Skills:
 + Level 3.7 Fighting
 + Level 0.3 Polearms
 * Level 8.2 Bows
 - Level 1.3 Dodging
 - Level 0.4 Stealth


You had 4 spell levels left.
You didn't know any spells.
Your spell library was empty.

Dungeon Overview and Level Annotations

Branches:
Dungeon (3/15)

Altars:
Cheibriados
Kikubaaqudgha
Qazlal


Innate Abilities, Weirdness & Mutations

You have hooves in place of feet.
Armour fits poorly on your strangely shaped body.
You cover ground very quickly.
You have extremely tough skin. (AC +3)


Message History

You barely miss the worm. You kick the worm.
The worm is lightly wounded.
The worm bites you but does no damage.
You hit the worm. Your kick misses the worm.
The worm is moderately wounded.
You feel sick.
You hit the worm. You kick the worm.
The worm is heavily wounded.
The worm bites you.
You hit the worm.
The worm is severely wounded.
The worm bites you.
You hit the worm.
The worm is severely wounded.
You feel sick. The worm bites you.
* * * LOW HITPOINT WARNING * * *
You barely miss the worm.
The worm is severely wounded.
The worm bites you!
You die...

.....#...# #.........#
#...# .....#...#
#.........#### #...#
.....#...###............#
#...#
...............###......#
##..#
..............##.##.....#
#..#
..............#..(#.....##
.....######...##)##......#
.....# ##....#'#####...#
.....# ##.#####@# ##..#
.....# #.##...'#w!..(#..#
.....# #.#.....##$..(#..#
###### #.#.....###%.##..#
#.#)....'.####..##
#.##...##......##########
##.#####.......(...†..)..
##.......###############
#########


You could see a worm.

Vanquished Creatures
  An orc priest (D:3)
  An orc wizard (D:3)
  9 adders
  4 worms
  3 dart slugs
  4 leopard geckos
  2 orcs (D:3)
  8 bats
  5 giant cockroaches
  8 goblins
  8 hobgoblins
  4 jackals (D:1)
  A ball python (D:2)
  8 frilled lizards
  7 kobolds
  5 rats
78 creatures vanquished.

Notes
Turn   | Place    | Note
-------+----------+-------------------------------------------
     0 | D:1      | fooot the Centaur Hunter began the quest for the Orb.
     0 | D:1      | Reached XP level 1. HP: 17/17 MP: 1/1
   256 | D:1      | Reached XP level 2. HP: 17/24 MP: 2/2
   636 | D:1      | Reached skill level 6 in Bows
  1267 | D:1      | Reached XP level 3. HP: 30/30 MP: 3/3
  1405 | D:2      | Found a snail-covered altar of Cheibriados.
  1719 | D:2      | Found a stormy altar of Qazlal.
  2068 | D:2      | Reached XP level 4. HP: 26/37 MP: 4/4
  2415 | D:2      | Reached skill level 7 in Bows
  2484 | D:2      | Found an ancient bone altar of Kikubaaqudgha.
  3461 | D:3      | Reached XP level 5. HP: 45/45 MP: 5/5
  4013 | D:3      | Reached skill level 8 in Bows
  4103 | D:3      | Slain by a worm

Vault maps used:
D:1:      shiori_arrival_elements
D:2:      overflow_temple_1_default, kiku_gazebo_garden_becter,
          cheibriados_altar_1, patterned_corridor, uniq_crazy_yiuf_cottage
D:3:      lemuel_blue_sif_altar, yredelemnul_forgotten_temple_becter,
          minmay_joined_circles

Skill      XL: |  1  2  3  4  5 |
---------------+----------------+-----
Bows           | 6 7 8 |  8.2
Fighting       | 3 |  3.7
Polearms       | |  0.3
Dodging        | |  1.3
Stealth        | |  0.4

Action                   |  1- 3 |  4- 6 || total
-------------------------+-------+-------++-------
Melee: Short sword       |   144 |    93 ||   237
       Kick              |    27 |    20 ||    47
       Trident           |       |    40 ||    40
 Fire: Shortbow          |       |    47 ||    47
  Eat: Chunk             |     2 |     6 ||     8
Armor: Leather armour    |    43 |       ||    43
       Scale mail        |    39 |   113 ||   152
Dodge: Dodged            |    78 |    74 ||   152

Table legend:
 A = Non-vault XP
 B = Vault XP
 C = Vault XP percentage of total XP
 D = Non-vault monster count
 E = Vault monster count
 F = Vault count percentage of total count
                 A         B        C        D         E       F
            +---------+---------+-------+---------+---------+-------
      Total |     294 |      42 |  12.5 |      68 |      10 |  12.8
            +---------+---------+-------+---------+---------+-------
        D:1 |      43 |       0 |   0.0 |      24 |       0 |   0.0
        D:2 |      79 |       0 |   0.0 |      21 |       0 |   0.0
        D:3 |     172 |      42 |  19.6 |      23 |      10 |  30.3
            +---------+---------+-------+---------+---------+-------
